 Dungeon Crawl Stone Soup version 0.20.1-1-g8b1a95d (console) character file.

1344 hilaritas the Chiller (level 8, -1/41 HPs)
             Began as a Deep Elf Ice Elementalist on Sept 9, 2017.
             Was a Follower of Vehumet.
             Slain by a wight
             ... wielding a +1 dire flail
              (8 damage)
             ... on level 7 of the Dungeon.
             The game lasted 00:19:21 (7657 turns).

hilaritas the Chiller (Deep Elf Ice Elementalist)   Turns: 7657, Time: 00:19:21

Health: -1/41      AC:  4    Str: 12    XL:     8   Next: 36%
Magic:  0/19       EV: 12    Int: 26    God:    Vehumet [*.....]
Gold:   417        SH:  6    Dex: 15    Spells: 3/19 levels left

rFire    . . .     SeeInvis +   B - staff of cold
rCold    + . .     Gourm    .   g - +1 buckler
rNeg     . . .     Faith    .   r - +0 robe of Subjectivity {Regen+ SInv} (curse)
rPois    .         Spirit   .   u - +0 helmet
rElec    .         Reflect  .   (no cloak)
rCorr    .         Harm     .   x - +0 pair of gloves
MR       .....                  (no boots)
Stlth    ++........             (no amulet)
Regen    0.6/turn               l - +5 ring of intelligence
MPRegen  0.2/turn               D - ring of wizardry

@: mighty, drained
A: no striking features
a: Renounce Religion


You were on level 7 of the Dungeon.
You worshipped Vehumet.
Vehumet was aware of your devotion.
You were hungry.

You visited 2 branches of the dungeon, and saw 8 of its levels.

You collected 417 gold pieces.

Inventory:

Hand Weapons
 z - a +2 short sword of venom
Missiles
 h - 377 stones (quivered)
 i - 76 arrows
Armour
 g - a +1 buckler (worn)
 r - the cursed +0 robe of Subjectivity (worn) {Regen+ SInv}
   (You found it on level 4 of the Dungeon)

   It lets you see invisible.
   It increases your rate of regeneration.
   It has a curse placed upon it.
 u - a +0 helmet (worn)
 x - a +0 pair of gloves (worn)
Magical Staves
 B - an uncursed staff of cold (weapon)
Jewellery
 l - a +5 ring of intelligence (left hand)
 D - a ring of wizardry (right hand)
Scrolls
 a - 2 scrolls of enchant weapon
 d - 2 scrolls of teleportation
 e - 7 scrolls of remove curse
 j - 3 scrolls of magic mapping
 k - 6 scrolls of identify
 n - a scroll of fear
 y - a scroll of acquirement
Potions
 f - a potion of might
 p - 5 potions of curing
 q - a potion of heal wounds
 s - a potion of agility {unknown}
 v - a potion of haste {unknown}
 w - 2 potions of degeneration {unknown}
 A - a potion of lignification {unknown}
 C - a potion of flight {unknown}
 F - a potion of invisibility {unknown}
 G - a potion of berserk rage {unknown}
Books
 b - a book of Frost

   Spells                             Type                      Level
   a - Freeze                         Ice                          1
   b - Throw Frost                    Conjuration/Ice              2
   c - Ozocubu's Armour               Charms/Ice                   3
   d - Throw Icicle                   Conjuration/Ice              4
   e - Summon Ice Beast               Ice/Summoning                4
 E - a book of Minor Magic

   Spells                             Type                      Level
   a - Magic Dart                     Conjuration                  1
   b - Blink                          Translocation                2
   c - Call Imp                       Summoning                    2
   d - Slow                           Hexes                        2
   e - Conjure Flame                  Conjuration/Fire             3
   f - Mephitic Cloud                 Conjuration/Poison/Air       3
Comestibles
 c - 10 bread rations
 m - 3 royal jellies
 o - 8 fruits
 t - a meat ration


   Skills:
 - Level 2.4(1.9) Dodging
 - Level 2.4(1.9) Stealth
 * Level 3.6(3.1) Shields
 - Level 6.2(5.7) Spellcasting
 * Level 5.4(4.9) Conjurations
 + Level 7.7(7.2) Ice Magic


You had 3 spell levels left.
You knew the following spells:

 Your Spells              Type           Power        Failure   Level  Hunger
a - Freeze                Ice            ####         1%          1    None
b - Throw Frost           Conj/Ice       ######       1%          2    None
c - Ozocubu's Armour      Chrm/Ice       #####...     2%          3    #......
d - Throw Icicle          Conj/Ice       ######..     2%          4    ###....
e - Summon Ice Beast      Ice/Summ       #####...     8%          4    ###....
f - Blink                 Tloc           N/A          4%          2    None


Dungeon Overview and Level Annotations

Branches:
Dungeon (7/15)             Temple (1/1) D:4

Altars:
Fedhas
Makhleb
Nemelex Xobeh
Okawaru
Ru
Vehumet
The Shining One


Message History

* * * LOW HITPOINT WARNING * * *
You feel much better. The wight hits you but does no damage.
You feel very mighty all of a sudden.
You barely miss the wight.
The wight is severely damaged.
The wight hits you with an enchanted dire flail!
You feel drained. The wight barely misses you.
You hit the wight but do no damage.
The wight is severely damaged.
The wight hits you with an enchanted dire flail!
* * * LOW HITPOINT WARNING * * *
Casting: Freeze
Confirm with . or Enter, or press ? or * to list all spells.
Aiming: Freeze
Press: ? - help, Shift-Dir - straight line, f/p - wight
Aim: a wight, wielding an enchanted dire flail and wearing a robe (severely damaged)
You feel a surge of power!
You freeze the wight.
The wight completely resists.
The wight is severely damaged.
The wight hits you with an enchanted dire flail!
You die...

#.#
#######.#############
#...................#
######.##.#####.##.#
# #.##.#####.##.#
#####.#
#z##..........#
......#
#)##.#####.#..#
####.. #.##.# #.#..#
# #....# #.#..# #
......)##z# #.#..#
####.. ######.##@#
#.#..# .......
.....%..># #.#..#
####... ####.#.#.#
#.#..# # #.#. .# #.#
# z... .. ..# # ..#.
.## #.# # .#. .# #.#
# # #. .# .


You could see a wight.

Vanquished Creatures
  Duvessa (D:7)
  An ice beast (D:6)
  An ogre (D:6)
  2 big kobolds (D:3)
  Dowan (D:7)
  2 scorpions
  2 wights (D:7)
  2 crimson imps (D:6)
  5 hounds
  An orc priest (D:5)
  A jelly (D:5)
  2 orc wizards (D:5)
  3 bullfrog skeletons
  A worker ant (D:6)
  A hound zombie (D:5)
  A hound skeleton (D:5)
  3 gnolls (D:3)
  6 adders
  2 oozes
  An adder zombie (D:5)
  An adder skeleton (D:7)
  5 worms
  4 dart slugs
  7 leopard geckos
  9 orcs
  A ball python (D:5)
  7 giant cockroaches
  9 goblins
  12 hobgoblins
  8 jackals
  2 quokkas
  4 bats
  9 frilled lizards
  14 kobolds
  A leopard gecko skeleton (D:4)
  A quokka skeleton (D:5)
  13 rats
146 creatures vanquished.

Notes
Turn   | Place    | Note
-------+----------+-------------------------------------------
     0 | D:1      | hilaritas the Deep Elf Ice Elementalist began the quest for the Orb.
     0 | D:1      | Reached XP level 1. HP: 10/10 MP: 6/6
   142 | D:1      | Reached skill level 4 in Ice Magic
   142 | D:1      | Reached XP level 2. HP: 1/15 MP: 2/8
   446 | D:1      | Found a sparkling altar of Nemelex Xobeh.
   714 | D:1      | Learned a level 2 spell: Throw Frost
   810 | D:1      | Reached XP level 3. HP: 15/19 MP: 4/9
   815 | D:1      | Learned a level 3 spell: Ozocubu's Armour
  1344 | D:2      | Found a faded altar of an unknown god.
  1595 | D:2      | Reached skill level 1 in Shields
  1786 | D:2      | Reached XP level 4. HP: 24/24 MP: 8/10
  1788 | D:2      | Reached skill level 5 in Ice Magic
  2732 | D:3      | Reached XP level 5. HP: 28/28 MP: 10/12
  2748 | D:3      | Learned a level 4 spell: Throw Icicle
  3077 | D:3      | Reached skill level 5 in Spellcasting
  3259 | D:3      | Learned a level 4 spell: Summon Ice Beast
  3285 | D:3      | Reached XP level 6. HP: 26/32 MP: 2/16
  3991 | D:4      | Got a steaming robe
  4002 | D:4      | Identified the cursed +0 robe of Subjectivity {Regen+ SInv} (You found it on level 4 of the Dungeon)
  4265 | D:4      | Found a staircase to the Ecumenical Temple.
  4271 | Temple   | Entered the Ecumenical Temple
  4280 | Temple   | Became a worshipper of Vehumet
  4916 | D:5      | Entered Level 5 of the Dungeon
  5180 | D:5      | Reached XP level 7. HP: 27/36 MP: 10/18
  5859 | D:5      | Reached skill level 6 in Ice Magic
  6603 | D:6      | Identified 3 scrolls of acquirement
  6811 | D:6      | Learned a level 2 spell: Blink
  6952 | D:6      | Reached skill level 7 in Ice Magic
  6994 | D:6      | Reached * piety under Vehumet
  6994 | D:6      | Offered knowledge of Shock by Vehumet.
  6994 | D:6      | Reached XP level 8. HP: 41/41 MP: 7/19
  7269 | D:7      | Noticed Duvessa
  7269 | D:7      | Noticed Dowan
  7283 | D:7      | Killed Duvessa
  7289 | D:7      | Killed Dowan
  7289 | D:7      | Reached skill level 5 in Conjurations
  7657 | D:7      | Slain by a wight

Skill      XL: |  1  2  3  4  5  6  7  8 |
---------------+-------------------------+-----
Ice Magic      | 4 5 7 |  7.7
Shields        | 1 2 3 |  3.6
Conjurations   | 2 4 5 |  5.4
Spellcasting   | 5 6 |  6.2
Dodging        | |  2.4
Stealth        | |  2.4

Action                   |  1- 3 |  4- 6 |  7- 9 || total
-------------------------+-------+-------+-------++-------
Melee: Unarmed           |     1 |       |       ||     1
       Short sword       |       |    13 |    14 ||    27
       Staff             |       |       |    23 ||    23
 Cast: Freeze            |    65 |   110 |    40 ||   215
       Ozocubu's Armour  |       |     2 |     5 ||     7
       Throw Frost       |       |    21 |    48 ||    69
       Throw Icicle      |       |     6 |    17 ||    23
       Summon Ice Beast  |       |       |     2 ||     2
  Use: Scroll            |       |     8 |     4 ||    12
       Potion            |       |       |     5 ||     5
  Eat: Chunk             |     2 |    11 |     9 ||    22
Armor: Robe              |     8 |    11 |    15 ||    34
Dodge: Dodged            |    26 |    45 |    46 ||   117
Block: Buckler           |     5 |    18 |    19 ||    42
